 Dungeon Crawl Stone Soup version 0.27-a0-1296-g8ece459b43 (webtiles) character file.

Game seed: 13819481262935711112

67 BlueGoblin the Magician (level 4, -6/31 HPs)
             Began as a Djinni Fire Elementalist on June 16, 2021.
             Killed from afar by an orc wizard (11 damage)
             ... with a magic dart
             ... on level 3 of the Dungeon.
             The game lasted 00:11:01 (4144 turns).

BlueGoblin the Magician (Djinni Fire Elementalist)  Turns: 4144, Time: 00:11:04

Health: -6/31      AC:  2    Str:  7    XL:     4   Next: 40%
Gold:   115        EV: 12    Int: 18    God:
                   SH:  0    Dex: 13

rFire    + + .     SeeInvis .   b - +0 short sword
rCold    x . .     Faith    .   (no shield)
rNeg     . . .     Spirit   .   a - +0 robe
rPois    ∞         Reflect  .   (no helmet)
rElec    .         Harm     .   (no cloak)
rCorr    .         Rampage  .   (no gloves)
Will     .....                  (boots unavailable)
Stlth    ++........             (no amulet)
HPRegen  0.10/turn              (no ring)
MPRegen  0.00/turn              (no ring)

@: flying
A: sickness immunity, fire resistance 2, cold vulnerability 1, float, innate
caster, hp casting, extra vitality 1
a: no special abilities


You were on level 3 of the Dungeon.
You visited 1 branch of the dungeon, and saw 3 of its levels.

You collected 115 gold pieces.

Inventory:

Hand Weapons
 b - a +0 short sword (weapon)
Armour
 a - a +0 robe (worn)
 g - a +0 ring mail
Scrolls
 d - a scroll of teleportation
Potions
 c - a potion of lignification {unknown}
 e - a potion of flight {unknown}
 f - a potion of brilliance {unknown}


   Skills:
 + Level 0.1 Fighting
 + Level 2.9 Dodging
 + Level 2.2 Stealth
 + Level 3.2 Spellcasting


You couldn't memorise any spells.
You knew the following spells:

 Your Spells              Type           Power      Damage    Failure   Level
a - Foxfire               Conj/Fire      56%        2x1d6     4%          1
b - Conjure Flame         Conj/Fire      14%        6-21      12%         3
c - Inner Flame           Hex/Fire       14%        N/A       12%         3
d - Sticky Flame          Conj/Fire      14%        2d4       38%         4
e - Fireball              Conj/Fire      7%         3d5       75%         5
f - Animate Skeleton      Necr           28%        N/A       4%          1
Your spell library was empty.

Dungeon Overview and Level Annotations

Branches:
Dungeon (3/15)

Altars:
Xom

Shops:
D:1 ?


Innate Abilities, Weirdness & Mutations

You are immune to sickness and miasma.
You are immune to poison.
Your flesh is very heat resistant. (rF++)
You are vulnerable to cold. (rC-)
You float through the air rather than walking.
You learn spells naturally, not from books.
Your magical power is your life essence.
You have superior vitality. (+4 HP)


Message History

You kill the goblin!
You start resting.
Your surroundings suddenly seem different.
An orc comes into view. It is wielding a +0 hand axe.
The orc shouts!
An orc wizard comes into view. It is wielding a +0 dagger.
The orc wizard shouts!
An orc wizard comes into view. It is wielding a +0 dagger.
The orc wizard shouts!
Found a ring mail.
Found a stone staircase leading down.
Casting: Foxfire (safe; 4% risk of failure)
Confirm with . or Enter, or press ? or * to list all spells.
You conjure some foxfire!
Casting: Foxfire (safe; 4% risk of failure)
Confirm with . or Enter, or press ? or * to list all spells.
You conjure some foxfire!
The foxfire hits the orc but does no damage.
The foxfire hits the orc wizard but does no damage.
The orc hits you with a +0 hand axe. The orc closely misses your foxfire.
Casting: Foxfire (safe; 4% risk of failure)
Confirm with . or Enter, or press ? or * to list all spells.
You conjure some foxfire!
The foxfire hits the orc wizard.
The orc wizard is lightly wounded.
The foxfire hits the orc.
The orc is severely wounded.
The orc hits you with a +0 hand axe.
* * * LOW HITPOINT WARNING * * *
The orc hits your foxfire but does no damage.
The orc barely misses your foxfire.
The orc wizard hits you with a +0 dagger.
* * * LOW HITPOINT WARNING * * *
The orc wizard hits you with a +0 dagger.
* * * LOW HITPOINT WARNING * * *
The foxfire hits the orc.
You kill the orc!
The foxfire hits the orc wizard.
The orc wizard is moderately wounded.
The orc wizard gestures at you while chanting.
The magic dart hits you!
You die...

**,* *,,,,,,,,* **,,* *,,,,,,,,,
*,* *,,,,,,,,* *,,****,*,,,,,,
*,* *,,,***,,* *,,,,,,,*,,,,,,
**,* *,,,* *,,* *#+##*****,,,,,,
,*,* *,,,***,,* ##...## ****,**
,*,* *,,,,,,,,*##.....## **,*
,,,* ***,,****##.).....## **,,*
,*******,,,***#.§.o.....#***,,,**
,,,,,,,,,,,,,,+.@.o.....+,,,,,,,*
,*******,,,***#.........#***,,,**
,* *,,** ##....[..## **,,* ,*
*,** ##...>.## **,* ** **,**
##...## *,* *,,,* *#+## *,* *,*,*
*,* *****,* *<,,* *,* *,,,*,*
**,** **,** *,,,,,*


You could see 2 orc wizards.

Vanquished Creatures
  2 adders (D:2)
  2 dart slugs
  An orc (D:3)
  3 ball pythons
  3 bats
  2 endoplasms
  2 giant cockroaches
  5 goblins
  4 hobgoblins
  4 jackals (D:1)
  2 quokkas
  A frilled lizard (D:1)
  A kobold (D:1)
  11 rats
43 creatures vanquished.

Vanquished Creatures (others)
  159 foxfires
159 creatures vanquished.

Grand Total: 202 creatures vanquished

Notes
Turn   | Place    | Note
-------+----------+-------------------------------------------
     0 | D:1      | BlueGoblin the Djinni Fire Elementalist began the quest for
                  | the Orb.
     0 | D:1      | Reached XP level 1. HP: 15/15 MP: 0/0
   190 | D:1      | Reached XP level 2. HP: 20/21 MP: 0/0
   327 | D:1      | Found Osmatse's Magic Scroll Emporium.
   457 | D:1      | Found a faded altar of an unknown god.
   777 | D:1      | Reached XP level 3. HP: 18/25 MP: 0/0
   777 | D:1      | Learned a level 1 spell: Animate Skeleton
  1811 | D:2      | Reached skill level 3 in Spellcasting
  2209 | D:2      | Reached XP level 4. HP: 8/31 MP: 0/0
  3101 | D:2      | Found a shimmering altar of Xom.
  4144 | D:3      | Killed from afar by an orc wizard

Illustrated notes

Levels and vault maps discovered:
D:1:      roderic_octagonal_star, layout_loops_ring, serial_shops,
          nicolae_shop_statue_plus, ebering_ecumenical_altar_rust
D:2:      layout_basic, basic_altar, minmay_rat_gold_closets
D:3:      layout_loops_corners, lemuel_tele_altar, gup_sewer_entry_bubbles,
          uniq_crazy_yiuf_cottage

Skill      XL: |  1  2  3 |
---------------+----------+-----
Spellcasting   | 3 |  3.2
Stealth        | 2 |  2.2
Fighting       | |  0.1
Dodging        | |  2.9

Action                   |  1- 3 |  4- 6 || total
-------------------------+-------+-------++-------
Melee: Unarmed           |     1 |       ||     1
       Short sword       |     6 |       ||     6
 Cast: Foxfire           |    46 |    55 ||   101
       Conjure Flame     |     3 |       ||     3
       Animate Skeleton  |     2 |       ||     2
  Use: Scroll            |       |     4 ||     4
Armor: Robe              |    12 |     1 ||    13
Dodge: Dodged            |    21 |     6 ||    27

Table legend: (Time is in decaauts)
 A = Elapsed time spent in this place.
 B = Non-inter-level travel time spent in this place.
 C = Inter-level travel time spent in this place.
 D = Time resting spent in this place.
 E = Time spent auto-exploring this place.
 F = Levels seen in this place.
 G = Mean time per level.
                   A        B        C        D        E       F      G
               +--------+--------+--------+--------+--------+-----+--------+
         Total |   4143 |   4093 |     50 |   2085 |   1200 |   3 | 1381.0 |
       Dungeon |   4143 |   4093 |     50 |   2085 |   1200 |   3 | 1381.0 |
               +--------+--------+--------+--------+--------+-----+--------+

Top non-repeatable levels by time:
     D:2: 1916 daAuts
     D:1: 1801 daAuts
     D:3: 425 daAuts
